Map: 젠 - 래더

Players

lllllllllll (sOs) - Winner!

  • Race: Protoss Protoss
  • League: Grandmaster
  • Spawn Location: 1:00

Astrea

  • Race: Protoss Protoss
  • League: Grandmaster
  • Spawn Location: 7:00

VOD

Have the link to the VOD?

Description

Time

  • Played on: Jan. 8, 2020, 5:39 a.m.
  • Length: 12:02
Show
View Real Time Build Order
Export as new Build Order

lllllllllll Protoss - Winner!

Build Orders: Phoenix Opening 

Get SALT Encoding   

  12  0:00  Probe  
  13  0:12  Probe  
  14  0:16  Pylon  
  14  0:24  Probe (Chrono Boost)  
  16  0:37  Probe (Chrono Boost), Gateway  
  16  0:43  Probe (Chrono Boost)  
  16  0:48  Assimilator  
  17  0:51  Probe  
  17  0:55  Assimilator  
  18  1:03  Probe (Chrono Boost)  
  19  1:08  Gateway  
  19  1:13  Probe (Chrono Boost)  
  19  1:18  Probe (Chrono Boost)  
  21  1:26  Cybernetics Core  
  21  1:29  Probe  
  22  1:33  Pylon  
  22  1:41  Probe  
  23  1:53  Probe  
  24  2:01  Adept  
  24  2:02  Warp Gate, Adept  
  28  2:14  Pylon  
  28  2:21  Pylon  
  28  2:29  Stargate  
  28  2:31  Adept  
  28  2:34  Adept  
  32  3:00  Nexus  
  32  3:13  Phoenix (Chrono Boost)  
  32  3:19  Probe, Pylon  
  35  3:29  Phoenix (Chrono Boost)  
  35  3:31  Probe  
  36  3:40  Shield Battery  
  36  3:43  Probe  
  37  3:48  Phoenix (Chrono Boost)  
  37  3:55  Adept  
  41  3:58  Adept  
  43  4:07  Phoenix (Chrono Boost)  
  44  4:13  Probe x2  
  46  4:22  Adept  
  48  4:25  Adept  
  50  4:32  Phoenix (Chrono Boost)  
  52  4:38  Probe  
  52  4:39  Probe  
  54  4:45  Sentry  
  54  4:47  Stalker  
  58  5:04  Robotics Facility  
  58  5:13  Probe, Stalker  
  58  5:14  Probe  
  60  5:30  Probe x2  
  60  5:31  Pylon  
  62  5:39  Pylon  
  62  5:46  Shield Battery  
  62  5:47  Pylon, Shield Battery  
  64  5:50  Probe x2  
  64  5:56  Immortal (Chrono Boost), Stalker x2  
  72  6:05  Probe (Chrono Boost)  
  72  6:06  Assimilator  
  72  6:08  Probe (Chrono Boost)  
  72  6:10  Assimilator  
  74  6:16  Probe (Chrono Boost)  
  76  6:19  Probe (Chrono Boost)  
  76  6:23  Stalker  
  77  6:29  Stalker  
  77  6:32  Observer  
  80  6:37  Probe x2 (Chrono Boost)  
  81  6:45  Forge  
  81  6:46  Probe (Chrono Boost)  
  81  6:47  Probe (Chrono Boost), Twilight Council  
  83  7:02  Immortal (Chrono Boost)  
  83  7:05  Observer  
  73  7:17  Protoss Ground Weapons Level 1 (Chrono Boost)  
  73  7:20  Pylon  
  73  7:21  Nexus  
  73  7:24  Probe x2  
  73  7:28  Charge  
  73  7:29  Pylon  
  75  7:35  Zealot  
  75  7:36  Zealot  
  79  7:38  Immortal (Chrono Boost)  
  79  7:41  Probe  
  79  7:42  Probe  
  85  7:56  Pylon  
  85  8:02  Stalker x2  
  85  8:06  Probe x2  
  85  8:09  Shield Battery  
  85  8:11  Immortal (Chrono Boost)  
  89  8:28  Probe x2  
  89  8:30  Pylon  
  91  8:34  Templar Archives  
  91  8:37  Gateway  
  91  8:44  Immortal  
  91  8:47  Probe x2  
  97  8:58  Gateway  
  97  8:59  Gateway  
  97  9:00  Probe x2  
  97  9:01  Probe  
  97  9:10  Zealot x2  
  97  9:12  Assimilator  
  97  9:13  Assimilator  
  101  9:18  Gateway  
  101  9:20  Gateway  
  101  9:23  Protoss Ground Weapons Level 2 (Chrono Boost)  
  101  9:36  Probe  
  101  9:38  Probe x2  
  104  9:39  Pylon  
  104  9:40  High Templar x2  
  104  9:41  Zealot  
  110  9:50  Gateway x2  
  110  9:51  Warp Prism  
  112  9:53  Archon  
  112  9:55  Photon Cannon  
  112  10:00  High Templar x2  
  112  10:04  Archon  
  116  10:08  Nexus  
  116  10:12  High Templar x2, Zealot  
  122  10:22  Archon  
  122  10:27  High Templar  
  122  10:28  High Templar  
  126  10:30  Pylon  
  126  10:31  Pylon, Photon Cannon  
  126  10:33  Pylon  
  126  10:37  Immortal (Chrono Boost)  
  130  10:44  Archon  
  130  10:46  Observer  
  130  10:49  High Templar  
  132  10:50  High Templar, Zealot x4  
  132  10:55  Archon  
  142  11:15  Photon Cannon  
  142  11:16  Immortal  
  142  11:17  Zealot x4  
  154  11:20  Probe (Chrono Boost)  
  154  11:21  Photon Cannon  
  153  11:32  Probe (Chrono Boost)  
  153  11:36  Probe x3 (Chrono Boost)  
  153  11:48  Zealot x5  
  153  11:49  Zealot x2  
  157  11:57  Zealot x2  
Show
View Real Time Build Order
Export as new Build Order

Astrea Protoss 

Build Orders: Oracle Opening 

Get SALT Encoding   

  12  0:00  Probe  
  13  0:13  Probe  
  14  0:17  Pylon  
  14  0:25  Probe (Chrono Boost)  
  16  0:37  Probe (Chrono Boost), Gateway  
  16  0:43  Probe (Chrono Boost)  
  16  0:45  Assimilator  
  17  0:51  Probe  
  17  0:54  Assimilator  
  18  1:03  Probe (Chrono Boost)  
  19  1:11  Gateway  
  19  1:13  Probe (Chrono Boost)  
  19  1:18  Probe (Chrono Boost)  
  20  1:24  Cybernetics Core  
  21  1:29  Probe  
  22  1:35  Pylon  
  22  1:42  Probe  
  24  2:00  Adept x2  
  28  2:02  Stargate  
  28  2:05  Probe  
  28  2:11  Warp Gate  
  28  2:19  Probe  
  28  2:20  Pylon  
  29  2:31  Probe  
  30  2:37  Adept x2  
  30  2:43  Probe  
  35  2:46  Oracle (Chrono Boost)  
  38  3:00  Shield Battery  
  36  3:22  Probe  
  36  3:24  Nexus  
  37  3:34  Probe  
  37  3:37  Shield Battery  
  38  3:45  Pylon  
  38  3:46  Probe  
  39  3:49  Twilight Council  
  39  4:03  Probe  
  38  4:10  Stalker x2  
  38  4:16  Probe  
  38  4:17  Shield Battery  
  43  4:21  Pylon  
  43  4:24  Blink (Chrono Boost)  
  44  4:37  Stalker  
  45  4:40  Probe  
  45  4:42  Probe  
  47  4:48  Stalker  
  47  5:03  Cybernetics Core  
  47  5:04  Stalker  
  44  5:13  Stalker  
  46  5:20  Gateway  
  40  5:30  Stalker  
  40  5:32  Probe x2  
  44  5:36  Stalker  
  46  5:44  Probe x2  
  48  5:56  Probe x2, Stalker  
  52  6:04  Pylon, Stalker  
  54  6:21  Pylon  
  54  6:22  Probe x2 (Chrono Boost)  
  56  6:31  Charge  
  58  6:34  Probe x2 (Chrono Boost)  
  58  6:39  Probe x2 (Chrono Boost)  
  60  6:48  Probe x2  
  60  6:59  Pylon  
  60  7:00  Probe x2  
  57  7:12  Probe x2  
  58  7:17  Nexus  
  58  7:24  Probe (Chrono Boost)  
  58  7:26  Probe (Chrono Boost)  
  58  7:29  Forge  
  60  7:30  Templar Archives  
  60  7:36  Probe (Chrono Boost)  
  62  7:37  Assimilator  
  62  7:41  Assimilator  
  62  7:42  Probe (Chrono Boost)  
  62  7:44  Probe (Chrono Boost)  
  62  7:47  Pylon  
  62  7:48  Probe  
  63  7:51  Probe  
  58  8:01  Probe  
  58  8:05  Stalker x3  
  57  8:06  Probe  
  59  8:17  Probe, Protoss Ground Weapons Level 1 (Chrono Boost)  
  59  8:19  Probe  
  58  8:29  Probe, Gateway  
  58  8:32  Probe  
  58  8:33  Probe  
  61  8:34  High Templar  
  61  8:35  High Templar  
  61  8:37  High Templar  
  67  8:42  Probe  
  67  8:45  Probe  
  67  8:46  Probe  
  70  8:52  Archon  
  70  8:54  Probe  
  71  8:57  Probe  
  71  8:58  Probe  
  73  9:06  Probe  
  73  9:08  High Templar x2  
  73  9:09  Probe  
  79  9:10  Probe  
  79  9:11  High Templar  
  79  9:14  Archon  
  79  9:15  Archon  
  82  9:18  Probe  
  82  9:21  Probe, Gateway  
  82  9:22  Probe  
  85  9:26  Gateway  
  85  9:30  Probe  
  83  9:33  Probe  
  83  9:34  High Templar  
  83  9:35  Probe  
  87  9:39  Assimilator  
  87  9:42  Probe, Assimilator  
  87  9:44  High Templar, Robotics Facility  
  87  9:45  Probe  
  89  9:47  Probe  
  89  9:48  Pylon  
  89  9:49  Pylon  
  89  9:50  Archon  
  90  9:54  Probe  
  91  10:04  Gateway  
  91  10:06  Sentry  
  93  10:07  Gateway  
  93  10:09  Gateway  
  93  10:16  Photon Cannon, Shield Battery  
  93  10:17  Photon Cannon  
  87  10:28  High Templar x2  
  87  10:29  Zealot x4  
  87  10:32  Archon  
  99  10:36  Observer (Chrono Boost)  
  99  10:39  Robotics Bay  
  100  10:47  Observer  
  96  10:50  Gateway  
  96  10:51  Zealot x4  
  96  10:52  Pylon  
  100  11:04  Shield Battery  
  100  11:06  High Templar x2, Zealot x2  
  100  11:10  Archon  
  108  11:19  Robotics Facility  
  108  11:23  Pylon  
  108  11:25  Pylon  
  106  11:36  Zealot x4  
  106  11:39  Zealot  
  116  11:42  Zealot  
  116  11:43  Zealot  
  117  11:47  Zealot  
  117  11:48  Zealot  
  117  11:52  Zealot  
Tags
 
Add a new tag
Caveats
  • Supply blocks, unpowered buildings, or Contaminate may cause inaccurate times.
  • Supply counts are checked every 10 seconds.